 Dungeon Crawl Stone Soup version 0.30-a0-321-gf7783e6616 (webtiles) character file.

Game seed: 14042853204245090331

2816 Babtu the Blocker (level 9, -6/67 (74) HPs)
             Began as a Gnoll Fighter on Oct 26, 2022.
             Was a Follower of Okawaru.
             Mangled by a wight
             ... wielding a +2 dagger of venom
              (9 damage)
             ... on level 7 of the Dungeon on Oct 27, 2022.
             The game lasted 00:28:32 (6103 turns).

Babtu the Blocker (Gnoll Fighter)                   Turns: 6103, Time: 00:28:33

HP:   -6/67 (74)    AC: 16    Str: 20    XL:     9   Next: 72%
MP:   16/16         EV: 12    Int:  7    God:    Okawaru [*.....]
Gold: 334           SH:  0    Dex: 12    Spells: 17/17 levels left

rFire   . . .      SeeInvis .    E - +4 battleaxe
rCold   . . .      Faith    .    (shield currently unavailable)
rNeg    . . .      Spirit   .    B - +0 plate armour
rPois   .          Reflect  .    (no helmet)
rElec   .          Harm     .    r - scarf {+Inv}
rCorr   .          Rampage  .    A - +1 Delatra's gloves {ID++}
Will    +....                    (no boots)
Stlth   ..........               m - amulet of regeneration
HPRegen 1.11/turn                q - +4 ring of evasion
MPRegen 0.15/turn                n - ring of willpower

@: lethally poisoned (-6 -> -23), drained
A: fangs 1, strong nose, distributed training
a: Renounce Religion, Evoke Invisibility, Heroism


You were on level 7 of the Dungeon.
You worshipped Okawaru.
Okawaru was aware of your devotion.
You visited 1 branch of the dungeon, and saw 7 of its levels.

You collected 334 gold pieces.

Inventory:

Hand Weapons
 a - the +7 sling of Evisceration {freeze, +Blink rElec rF+ Dex+2}
   (You found it on level 5 of the Dungeon)

   Any ammunition fired from it freezes those it strikes, dealing additional
   cold damage.
   It can also slow down cold-blooded creatures.
   Dex:       It affects your dexterity (+2).
   rF:        It protects you from fire.
   rElec:     It insulates you from electricity.
   +Blink:    It lets you blink.
 t - a +0 arbalest
 u - a +2 flail of holy wrath
 x - the +8 short sword "Sixelik" {vorpal, rN++ Int-5 Dex+2 Stlth+}
   (You found it on level 4 of the Dungeon)

   It inflicts extra damage upon your enemies.
   Int:       It affects your intelligence (-5).
   Dex:       It affects your dexterity (+2).
   rN:        It greatly protects you from negative energy.
   Stlth:     It makes you more stealthy.
 E - a +4 battleaxe (weapon)
Missiles
 C - a curare-tipped dart
 D - 4 poisoned darts
Armour
 c - a +0 buckler
 r - a scarf of invisibility (worn)
 A - the +1 Delatra's gloves (worn) {ID++}
   (You found it on level 5 of the Dungeon)

   It heals its wearer when they drink unknown potions.
   It restores its wearer's MP when they read unknown scrolls.
 B - a +0 plate armour (worn)
Jewellery
 m - an amulet of regeneration (around neck)
 n - a ring of willpower (right hand)
 q - a +4 ring of evasion (left hand)
Scrolls
 b - a scroll of amnesia {unknown}
 g - 3 scrolls of teleportation
 h - 2 scrolls of magic mapping
 s - 2 scrolls of poison
 v - 3 scrolls of enchant weapon
 w - a scroll of noise
 y - 4 scrolls of fear {unknown}
Potions
 d - a potion of might
 e - 4 potions of curing {unknown}
 f - a potion of attraction {unknown}
 i - 3 potions of heal wounds
 j - a potion of haste {unknown}
 k - a potion of resistance {unknown}
 l - a potion of degeneration {unknown}
 o - a potion of flight {unknown}
 p - a potion of magic {unknown}
 z - 2 potions of invisibility {unknown}


   Skills:
 + Level 8.1 Fighting
 + Level 4.7 Short Blades
 + Level 6.6 Long Blades
 + Level 4.7 Axes
 + Level 4.7 Maces & Flails
 + Level 4.7 Polearms
 + Level 4.7 Staves
 + Level 4.7 Ranged Weapons
 + Level 4.7 Throwing
 + Level 8.1 Armour
 + Level 4.7 Dodging
 + Level 4.7 Stealth
 + Level 8.1 Shields
 + Level 4.7 Unarmed Combat
 + Level 4.7 Spellcasting
 + Level 3.9 Conjurations
 + Level 3.9 Hexes
 + Level 3.9 Summonings
 + Level 3.9 Necromancy
 + Level 3.9 Translocations
 + Level 3.9 Transmutations
 + Level 3.9 Fire Magic
 + Level 3.9 Ice Magic
 + Level 3.9 Air Magic
 + Level 3.9 Earth Magic
 + Level 3.9 Poison Magic
 + Level 5.2 Invocations
 + Level 4.7 Evocations


You had 17 spell levels left.
You didn't know any spells.
Your spell library contained the following spells:

 Spells                   Type           Power      Damage    Failure   Level
 Foxfire                  Conj/Fire      28%        2x1d5     75%         1
 Magic Dart               Conj           28%        1d4       75%         1
 Slow                     Hex            28%        N/A       75%         1
 Confusing Touch          Hex            7%         N/A       98%         3
 Dazzling Flash           Conj/Hex       14%        N/A       98%         3
 Hailstorm                Conj/Ice       7%         3d4       98%         3
 Mephitic Cloud           Conj/Pois/Air  7%         N/A       98%         3
 Vampiric Draining        Necr           7%         2d6       98%         3
 Ice Form                 Ice/Tmut       7%         N/A       100%        4
 Agony                    Necr           7%         N/A       100%        5
 Borgnjor's Vile Clutch   Necr/Erth      3%         N/A       100%        5
 Fireball                 Conj/Fire      3%         3d4       100%        5
 Silence                  Hex/Air        3%         N/A       100%        5
 Starburst                Conj/Fire      3%         6d3       100%        6
 Call Imp                 Summ           Unusable   N/A       N/A         2
 Animate Dead             Necr           Unusable   N/A       N/A         4
 Death Channel            Necr           Unusable   N/A       N/A         6
 Simulacrum               Ice/Necr       Unusable   N/A       N/A         6

Dungeon Overview and Level Annotations

Branches:
Dungeon (7/15)
 Temple: D:4-7

Altars:
Okawaru

Shops:
D:1 (


Innate Abilities, Weirdness & Mutations

You have very sharp teeth.
Your uncanny sense of smell can sniff out nearby items.
Your experience applies equally to all skills.


Message History

* * * LOW HITPOINT WARNING * * *
You feel drained.
* * * LOW HITPOINT WARNING * * *
You are more poisoned.
You climb downwards.
* * * LOW HITPOINT WARNING * * *
You feel extremely sick.
There is a stone staircase leading up here.
You feel much better.
You feel like a meek peon again.
You feel very sick. The wight hits you but does no damage.
You are more poisoned.
* * * LOW HITPOINT WARNING * * *
You feel very sick. The wight hits you but does no damage.
You slash the wight!
You destroy the wight!
Okawaru accepts your kill.
You closely miss the wight.
You feel very sick. The wight barely misses you.
You closely miss the wight.
You feel very sick. The wight hits you but does no damage.
You are lethally poisoned!
The wight hits you with a +2 dagger of venom.
* * * LOW HITPOINT WARNING * * *
You are more poisoned.
You feel much better.
* * * LOW HITPOINT WARNING * * *
You feel extremely sick.
The wight hits you with a +2 dagger of venom.
* * * LOW HITPOINT WARNING * * *
You are more poisoned.
You barely miss the wight. Your bite misses the wight.
* * * LOW HITPOINT WARNING * * *
You feel extremely sick.
The wight hits you with a +2 dagger of venom!
You die...

#.. #.#
#.########..
#####.##.....z.#
#......<.#####.#
#.......##
#.......#
#....z<.#
#....@).#
#########


You could see a wight.

Vanquished Creatures
  Pikel (D:3)
  Grinder (D:3)
  2 steam dragons (D:6)
  2 orc warriors
  An ice beast (D:6)
  2 ogres
  2 lemures (D:3)
  A phantom (D:6)
  A kobold brigand (D:6)
  2 necrophages (D:6)
  5 scorpions
  2 wights
  3 jellies
  6 orc priests
  Crazy Yiuf (D:4)
  3 iguanas (D:5)
  6 orc wizards
  5 gnolls
  8 adders
  4 ufetubi
  A worm (D:2)
  3 dart slugs
  32 orcs
  9 ball pythons
  12 endoplasms
  3 giant cockroaches
  7 hobgoblins
  11 jackals
  6 quokkas
  3 bats
  3 frilled lizards
  8 goblins
  13 kobolds
  7 rats
176 creatures vanquished.

Notes
Turn   | Place    | Note
-------+----------+-------------------------------------------
     0 | D:1      | Babtu the Gnoll Fighter began the quest for the Orb.
     0 | D:1      | Reached XP level 1. HP: 23/23 MP: 1/1
    80 | D:1      | Found a faded altar of an unknown god.
    99 | D:1      | Found Weil's Weapon Boutique.
   128 | D:1      | Reached XP level 2. HP: 25/29 MP: 2/2
   599 | D:1      | Upgraded the game from 0.30-a0-313-gae38170b09 to
                  | 0.30-a0-321-gf7783e6616
   697 | D:2      | Reached XP level 3. HP: 33/35 MP: 3/3
   769 | D:2      | Reached skill level 1 in Invocations
   869 | D:2      | Reached skill level 1 in Short Blades
   869 | D:2      | Reached skill level 1 in Axes
   869 | D:2      | Reached skill level 1 in Maces & Flails
   869 | D:2      | Reached skill level 1 in Polearms
   869 | D:2      | Reached skill level 1 in Staves
   869 | D:2      | Reached skill level 1 in Ranged Weapons
   869 | D:2      | Reached skill level 1 in Throwing
   869 | D:2      | Reached skill level 1 in Dodging
   869 | D:2      | Reached skill level 1 in Stealth
   869 | D:2      | Reached skill level 1 in Unarmed Combat
   869 | D:2      | Reached skill level 1 in Spellcasting
   869 | D:2      | Reached skill level 1 in Evocations
   957 | D:2      | Reached XP level 4. HP: 23/41 MP: 5/5
  1890 | D:3      | Reached skill level 1 in Conjurations
  1890 | D:3      | Reached skill level 1 in Hexes
  1890 | D:3      | Reached skill level 1 in Summonings
  1890 | D:3      | Reached skill level 1 in Necromancy
  1890 | D:3      | Reached skill level 1 in Translocations
  1890 | D:3      | Reached skill level 1 in Transmutations
  1890 | D:3      | Reached skill level 1 in Fire Magic
  1890 | D:3      | Reached skill level 1 in Ice Magic
  1890 | D:3      | Reached skill level 1 in Air Magic
  1890 | D:3      | Reached skill level 1 in Earth Magic
  1890 | D:3      | Reached skill level 1 in Poison Magic
  2338 | D:3      | Reached XP level 5. HP: 47/47 MP: 7/7
  2894 | D:4      | Noticed Grinder
  2894 | D:4      | Noticed a lemure
  2894 | D:4      | Noticed a lemure
  2894 | D:4      | Noticed a lemure
  2898 | D:4      | Noticed Pikel
  2898 | D:4      | Noticed an ogre
  2918 | D:3      | Killed a lemure
  2927 | D:3      | Killed a lemure
  3092 | D:3      | Killed Pikel
  3093 | D:3      | Reached skill level 5 in Long Blades
  3093 | D:3      | Reached XP level 6. HP: 35/55 MP: 7/9
  3093 | D:3      | Reached XP level 7. HP: 39/60 MP: 7/10
  3127 | D:3      | Paralysed by Grinder for 3 turns
  3141 | D:3      | Paralysed by Grinder for 4 turns
  3174 | D:3      | Killed Grinder
  3175 | D:3      | Reached XP level 8. HP: 67/67 MP: 12/12
  3362 | D:4      | Identified the +8 short sword "Sixelik" {vorpal, rN++ Int-5
                  | Dex+2 Stlth+}
  3737 | D:4      | Found a runed translucent door.
  3738 | D:4      | Noticed Crazy Yiuf
  3856 | D:4      | Killed Crazy Yiuf
  3946 | D:5      | Entered Level 5 of the Dungeon
  3997 | D:5      | Identified the +7 sling of Evisceration {freeze, +Blink
                  | rElec rF+ Dex+2}
  4060 | D:5      | Found the +1 Delatra's gloves {ID++}
  4267 | D:5      | Found an iron altar of Okawaru.
  4979 | D:5      | Became a worshipper of Warmaster Okawaru
  5082 | D:6      | Reached XP level 9. HP: 73/73 MP: 14/14
  5583 | D:6      | Reached * piety under Okawaru
  5893 | D:6      | Reached skill level 5 in Invocations
  6097 | D:7      | HP: 1/66 [poisoned by a wight]
  6103 | D:7      | HP: 3/67 [poisoned by a wight]
  6103 | D:7      | Mangled by a wight

Illustrated notes

Levels and vault maps discovered:
D:1:      sevenhm_arrival_forest_fort_small_3, layout_basic, serial_shops,
          nicolae_shop_hallway_stairs, ebering_ecumenical_altar_sacrificial
D:2:      layout_basic, minmay_hedge_maze
D:3:      minmay_diamond_boxcup, layout_basic, minmay_fountain_box,
          minmay_box_of_dots
D:4:      layout_cave_pools, uniq_crazy_yiuf_cottage, uniq_grinder, uniq_pikel
D:5:      layout_loops_ring, okawaru_metal_pillars_3, pf_guarded_unrand_delatra
D:6:      layout_loops_corners
D:7:      layout_rooms, minmay_temple_entry_water_ring, minivault_25

Skill      XL: |  1  2  3  4  5  6  7  8  9 |
---------------+----------------------------+-----
Invocations    | 1 2 3 4 5 |  5.2
Short Blades   | 1 2 3 4 |  4.7
Axes           | 1 2 3 4 |  4.7
Maces & Flails | 1 2 3 4 |  4.7
Polearms       | 1 2 3 4 |  4.7
Staves         | 1 2 3 4 |  4.7
Ranged Weapons | 1 2 3 4 |  4.7
Throwing       | 1 2 3 4 |  4.7
Dodging        | 1 2 3 4 |  4.7
Stealth        | 1 2 3 4 |  4.7
Unarmed Combat | 1 2 3 4 |  4.7
Spellcasting   | 1 2 3 4 |  4.7
Evocations     | 1 2 3 4 |  4.7
Conjurations   | 1 2 3 |  3.9
Hexes          | 1 2 3 |  3.9
Summonings     | 1 2 3 |  3.9
Necromancy     | 1 2 3 |  3.9
Translocations | 1 2 3 |  3.9
Transmutations | 1 2 3 |  3.9
Fire Magic     | 1 2 3 |  3.9
Ice Magic      | 1 2 3 |  3.9
Air Magic      | 1 2 3 |  3.9
Earth Magic    | 1 2 3 |  3.9
Poison Magic   | 1 2 3 |  3.9
Fighting       | 7 8 |  8.1
Long Blades    | 5 6 |  6.6
Armour         | 7 8 |  8.1
Shields        | 7 8 |  8.1

Action                   |  1- 3 |  4- 6 |  7- 9 || total
-------------------------+-------+-------+-------++-------
Melee: Long sword        |   101 |   165 |       ||   266
       Bite              |     3 |    17 |    25 ||    45
       Flail             |       |    31 |   102 ||   133
       Short sword       |       |       |   133 ||   133
       Battleaxe         |       |       |     5 ||     5
 Fire: Sling             |       |       |    77 ||    77
Invok: Heroism           |       |       |     1 ||     1
 Abil: Evoke Blink       |       |       |     1 ||     1
  Use: Scroll            |       |     4 |     2 ||     6
       Potion            |       |     1 |     2 ||     3
 Stab: Sleeping          |       |       |     1 ||     1
Armor: Scale mail        |    50 |    73 |    75 ||   198
       Plate armour      |       |       |    33 ||    33
Dodge: Dodged            |    60 |   106 |   164 ||   330
Block: Buckler           |    42 |    67 |    72 ||   181

Table legend: (Time is in decaauts)
 A = Elapsed time spent in this place.
 B = Non-inter-level travel time spent in this place.
 C = Inter-level travel time spent in this place.
 D = Time resting spent in this place.
 E = Time spent auto-exploring this place.
 F = Levels seen in this place.
 G = Mean time per level.
                   A        B        C        D        E       F      G
               +--------+--------+--------+--------+--------+-----+--------+
         Total |   6235 |   5664 |    571 |    303 |   3757 |   7 |  890.7 |
       Dungeon |   6235 |   5664 |    571 |    303 |   3757 |   7 |  890.7 |
               +--------+--------+--------+--------+--------+-----+--------+

Top non-repeatable levels by time:
     D:3: 1514 daAuts
     D:2: 1118 daAuts
     D:6: 1118 daAuts
     D:5: 1041 daAuts
     D:4: 774 daAuts
     D:1: 634 daAuts
     D:7: 34 daAuts
